 Dungeon Crawl Stone Soup version 0.31.0-9-g3a7656b989 (webtiles) character file.

Game seed: 7883996524544237239

323896 vico the Slayer (level 20, -16/202 HPs)
             Began as a Minotaur Berserker on Jan 24, 2024.
             Was the Champion of Trog.
             Demolished by a frost giant simulacrum (61 damage)
             ... animated by a necromancer
             ... on level 2 of the Depths on Jan 25, 2024.
             The game lasted 02:24:56 (38142 turns).

vico the Slayer (Minotaur Berserker)               Turns: 38142, Time: 02:24:56

Health: -16/202    AC: 27    Str: 29    XL:     20   Next: 70%
Magic:  19/19      EV: 10    Int:  6    God:    Trog [******]
Gold:   1511       SH: 21    Dex:  8    Spells: 19/19 levels left

rFire   + + .        S - +12 broad axe of Resumed Hostilities {heavy, Will+++ Str+2 Dex-4 Stlth+}
rCold   x . .        Q - +1 tower shield {reflect}
rNeg    . . .        M - +1 fire dragon scales "Rapn" {rElec rPois rF++ rC- Will- Regen+}
rPois   +            t - +2 hat
rElec   +            n - +2 cloak
rCorr   .            w - +2 pair of gloves
SInv    +            s - +2 pair of boots {Stlth+}
Will    +++++        a - amulet of Zathyrch {Regen+ SInv}
Stlth   +            W - +4 ring of slaying
HPRegen 3.13/turn    Y - ring of flight
MPRegen 0.16/turn

%: reflection
@: strong-willed, flying, regenerating, hasted, studying Polearms, very quick
A: horns 2, retaliatory headbutt
}: 2/15 runes: serpentine, barnacled
a: Renounce Religion, Berserk, Trog's Hand, Brothers in Arms


You were on level 2 of the Depths.
You worshipped Trog.
Trog was exalted by your worship.
You visited 8 branches of the dungeon, and saw 36 of its levels.
You visited 1 bazaar.
You also visited: Sewer, Bailey, Gauntlet and Ice Cave.

You collected 4374 gold pieces.
You spent 2863 gold pieces at shops.

Inventory:

Hand Weapons
 h - a +7 antimagic broad axe
 S - the +12 broad axe of Resumed Hostilities (weapon) {heavy, Will+++ Str+2 Dex-4 Stlth+}
   (You acquired it on level 6 of the Dungeon)

   Str+2:     It affects your strength (+2).
   Dex-4:     It affects your dexterity (-4).
   Will+++:   It greatly increases your willpower.
   Stlth+:    It makes you more stealthy.
Missiles
 b - 15 javelins
 k - 14 silver javelins
 F - 11 throwing nets
 O - 13 boomerangs (quivered)
Armour
 n - a +2 cloak (worn)
 s - a +2 pair of boots of stealth (worn)
 t - a +2 hat (worn)
 w - a +2 pair of gloves (worn)
 M - the +1 fire dragon scales "Rapn" (worn) {rElec rPois rF++ rC- Will- Regen+}
   (You found it on level 5 of the Lair of Beasts)

   rF++:      It greatly protects you from fire.
   rC-:       It makes you vulnerable to cold.
   rElec:     It insulates you from electricity.
   rPois:     It protects you from poison Will-: It decreases your willpower.
   Regen+:    It increases your rate of health regeneration.
 Q - a +1 tower shield of reflection (worn)
Jewellery
 a - the amulet of Zathyrch (around neck) {Regen+ SInv}
   (You bought it in a shop on level 2 of the Orcish Mines)

   [amulet of regeneration]

   SInv:      It lets you see invisible.
   Regen+:    It increases your rate of health regeneration.
 e - the ring "Furhat" {rElec MP+9}
   (You found it on level 4 of the Shoals)

   [ring of magical power]

   rElec:     It insulates you from electricity.
   MP+9:      It affects your magic capacity (+9).
 r - a ring of resist corrosion
 C - an amulet of reflection
 G - a ring of protection from cold
 I - a +4 ring of slaying
 W - a +4 ring of slaying (left hand)
 Y - a ring of flight (right hand)
 Z - a ring of protection from fire
Talismans
 y - a granite talisman
Wands
 v - a wand of charming (10)
 J - a wand of acid (23)
 K - a wand of roots (35)
 R - a wand of digging (10)
Scrolls
 c - 9 scrolls of teleportation
 d - 6 scrolls of enchant armour
 l - 2 scrolls of silence
 u - 8 scrolls of fog
 B - 4 scrolls of revelation
 D - 3 scrolls of blinking
 L - 4 scrolls of immolation
 N - 6 scrolls of fear
 P - a scroll of summoning
Potions
 f - 2 potions of haste
 i - 2 potions of magic
 j - 6 potions of mutation
 m - 12 potions of curing
 o - 4 potions of might
 p - 3 potions of attraction
 q - 3 potions of invisibility
 x - 3 potions of lignification
 z - 4 potions of enlightenment
 A - 4 potions of heal wounds
 E - 3 potions of resistance
 U - 2 potions of cancellation
 V - 6 potions of ambrosia
Miscellaneous
 g - a phial of floods
 H - a condenser vane
 T - a lightning rod (4/4)
 X - a phantom mirror


   Skills:
 - Level 22.7 Fighting
 - Level 1.0(1.2) Short Blades
 - Level 1.0(1.3) Long Blades
 - Level 18.0 Axes
 - Level 0.7 Staves
 - Level 0.7 Ranged Weapons
 - Level 11.7 Throwing
 - Level 14.9 Armour
 - Level 2.3 Dodging
 - Level 21.7 Shields
 - Level 0.5 Invocations
 - Level 11.0 Evocations
 * Level 10.2 Shapeshifting


You had 19 spell levels left.
You didn't know any spells.
Your spell library contained the following spells:

 Spells                   Type           Power      Damage    Failure   Level
 Sublimation of Blood     Necr           0%         N/A       89%         2
 Mephitic Cloud           Conj/Alch/Air  0%         N/A       98%         3
 Summon Mana Viper        Hex/Summ       0%         N/A       100%        5
 Summon Cactus Giant      Summ           0%         N/A       100%        6
 Haunt                    Necr/Summ      0%         N/A       100%        7
 Spellforged Servitor     Conj/Summ      0%         N/A       100%        7
 Summon Hydra             Summ           0%         N/A       100%        7
 Discord                  Hex            0%         N/A       100%        8


Dungeon Overview and Level Annotations

Branches:
Dungeon (15/15)            Temple (0/1) D:5            Lair (5/5) D:10
 Shoals (4/4) Lair:2        Snake (4/4) Lair:2          Orc (2/2) D:9
    Elf (2/3) Orc:2        Vaults (2/5) D:14          Crypt (0/3) Vaults:2
 Depths (2/4) D:15          Sewer (visited)          Bailey (visited)
  IceCv (visited)         Gauntlet (visited)
  Slime: Lair:4-5

Altars:
Elyvilon
Fedhas
Gozag
Kikubaaqudgha
Nemelex Xobeh
Okawaru
Qazlal
Sif Muna
Trog
Vehumet
Xom
Yredelemnul
Zin
Jiyva

Shops:
D:3 ?   D:15 [   Orc:2 ?[=:   Elf:1 ((   Shoals:3 (   Snake:1 (   Snake:2 (
Vaults:1 [[*

Portals:
Hell: Depths:1
Pandemonium: Depths:1
Trove: D:12 (give 13 potions of heal wounds)

Annotations:
Lair:5 exclusion: 2 oklob plants
Shoals:2 2 runed translucent doors, Kaerusk's ghost, adept KoBe
Elf:2 1 runed translucent door, Deughiar's ghost, adept GnSh
Vaults:2 3 runed translucent doors, Bailed's ghost, veteran MiMo; Zotwa's ghost, adept GnSk


Innate Abilities, Weirdness & Mutations

You have a pair of horns on your head.
You reflexively headbutt those who attack you in melee.


Message History

The hell knight is almost dead.
You slash the frost giant simulacrum!
You open the necromancer like a pillowcase!!!
You kill the necromancer!
Trog accepts your kill.
Trog appreciates your killing of a magic user.
The frost giant simulacrum hits you but does no damage.
The hell knight utters an invocation to its god.
The hell knight blinks!
The frost giant simulacrum hits you.
The frost giant simulacrum freezes you!!!
You feel a terrible chill!
* * * LOW HITPOINT WARNING * * *
The hell knight prays to its god.
The hell knight seems to speed up.
Okay, then.
You feel much better. You block the deep troll's attack. x4
The deep troll claws you but does no damage.
The deep troll closely misses you.
The frost giant simulacrum closely misses you.
Okay, then.
You feel yourself speed up.
The deep troll's soul is no longer bound.
The hell knight prays to its god.
The hell knight blinks!
You block the deep troll's attack.
The deep troll claws you but does no damage.
You block the deep troll's attack. The deep troll bites you!
* * * LOW HITPOINT WARNING * * *
You block the deep troll's attack. x2
The frost giant simulacrum hits you but does no damage.
As you read the scroll of fog, it dissolves into smoke.
You block the deep troll's attack.
The deep troll claws you but does no damage.
You block the deep troll's attack. x3
The deep troll claws you but does no damage.
You feel much better. The frost giant simulacrum hits you!!
* * * LOW HITPOINT WARNING * * *
The frost giant simulacrum freezes you!!!
You feel a terrible chill!
You die...

, .### .....,
.....######### ###
......p†.....# ####.#
#.#........Zp###§§..#
#.#....#....#@Z§####
#.T.#....ZpTT###
##.#..#..ZT###
#..#p####.#
#...C..##T#
####.#..p>#
####.###.## #....#
#..# #.#######.#


You could see a hell knight (fast, soul bound), 3 deep trolls and a frost giant
simulacrum.

Vanquished Creatures
  Sojobo (Vaults:2)
  Norris (Vaults:2)
  Jorgrun (D:12)
  A deep elf blademaster (Elf:2)
  3 krakens
  2 tengu reavers
  Roxanne (Shoals:4)
  Aizul (Vaults:2)
  Ilsuiw (Shoals:4)
  2 fire giants (Depths:1)
  4 nagarajas (Snake:4)
  3 frost giants
  A deep elf sorcerer (Elf:1)
  A vault warden (Vaults:2)
  A reaper (IceCv)
  A formless jellyfish (Shoals:4)
  A stone giant (Depths:1)
  4 ironbound preservers
  3 ironbound thunderhulks
  2 orc warlords
  A vampire knight (Depths:1)
  9 very ugly things
  A deep elf annihilator (Elf:2)
  A deep elf demonologist (Elf:1)
  A minotaur (Gauntlet)
  10 dire elephants
  A spark wasp (Depths:1)
  2 ettins
  4 merfolk impalers (Shoals:4)
  Snorg (Orc:1)
  4 merfolk javelineers
  5 yaktaur captains
  A fire dragon (Depths:1)
  5 great orbs of eyes
  Harold (Orc:1)
  An ice dragon (Depths:1)
  3 rakshasas
  2 salamander tyrants
  4 vault guards
  4 ogre magi
  10 hydras
  3 catoblepae
  4 ironbound frosthearts
  8 anacondas
  2 alligator snapping turtles
  15 centaur warriors
  7 boulder beetles
  3 merfolk avatars
  3 merfolk aquamancers (Shoals:4)
  6 death yaks
  3 death knights
  6 two-headed ogres
  20 naga warriors
  A two-headed ogre (shapeshifter) (Elf:2)
  3 occultists
  3 deep troll shamans
  A spectral dire elephant (Lair:5)
  4 tengu warriors
  26 dancing weapons
  4 deep troll earth magi
  12 naga sharpshooters
  2 orc high priests (Elf:1)
  Sonja (Lair:2)
  Urug (D:11)
  8 skysharks
  4 hell knights (Depths:2)
  12 deep elf knights
  9 shock serpents
  2 fire crabs (Shoals:2)
  4 salamander mystics
  10 sea snakes
  2 iron trolls
  3 skeletal warriors (D:12)
  2 spectral death yaks (Lair:5)
  2 cherubim (Elf:1)
  14 deep trolls
  A spectral anaconda (Lair:5)
  9 naga ritualists
  8 mana vipers
  5 ironbound convokers
  An obsidian statue (Lair:5)
  10 deep elf archers
  5 phantasmal warriors
  27 harpies
  14 lindwurms
  4 orc knights (D:14)
  22 deep elf pyromancers
  22 deep elf zephyrmancers
  10 orc sorcerers
  7 necromancers
  10 manticores
  5 fauns (Shoals:1)
  6 ugly things
  18 salamanders
  A salamander (shapeshifter) (Elf:2)
  7 cyclopes
  An ice statue (IceCv)
  9 merfolk sirens
  A dire elephant zombie (Lair:5)
  21 elephants
  4 meliai (D:14)
  17 naga magi
  41 black mambas
  8 water nymphs
  A torpor snail (Lair:3)
  10 vault sentinels
  A molten gargoyle (D:13)
  2 guardian serpents
  8 cane toads
  2 unseen horrors
  A gargoyle (D:11)
  2 kobold demonologists
  Jeremiah (D:8)
  A hellion (Gauntlet)
  3 rime drakes
  16 yaktaurs
  3 centaur skeletons (D:15)
  8 komodo dragons
  2 freezing wraiths
  5 tengu conjurers
  An anaconda simulacrum (IceCv)
  An efreet (D:14)
  4 trolls
  A queen bee (shapeshifter) (D:15)
  29 merfolk
  4 polar bears
  A wind drake (Shoals:2)
  10 blink frogs
  3 hornets
  A raiju (D:13)
  A spectral elephant (Lair:5)
  6 snapping turtles
  4 dream sheep (Lair:5)
  20 slime creatures
  2 vampires
  6 shadows
  6 wyverns
  A centaur simulacrum (D:14)
  4 water elementals
  41 yaks
  A human (D:14)
  2 wraiths
  2 basilisks
  A dire elephant simulacrum (IceCv)
  4 fire elementals (Elf:2)
  Grum (D:8)
  A warg (Orc:2)
  3 steam dragons
  A hog (shapeshifter) (D:14)
  5 vampire mosquitoes
  2 death yak simulacra
  2 harpy simulacra (IceCv)
  3 acid dragons
  A spectral cane toad (Lair:5)
  A water moccasin (shapeshifter) (Elf:2)
  40 nagas
  13 water moccasins
  4 swamp worms (Lair:2)
  A hell hound (D:12)
  A sky beast (D:7)
  A meliai simulacrum (D:14)
  12 orc warriors
  4 black bears
  10 ogres
  A boggart (Elf:1)
  21 wolves
  17 centaurs
  2 phantoms (D:4)
  3 elephant skeletons (Lair:5)
  Blork the orc (D:6)
  9 kobold brigands
  16 bullfrogs
  3 cane toad simulacra (IceCv)
  15 gnoll sergeants
  3 scorpions
  9 two-headed ogre simulacra (IceCv)
  15 wights
  6 elephant simulacra
  16 killer bees
  An electric eel (Lair:5)
  A howler monkey (D:5)
  A jelly (D:6)
  3 hounds
  7 orc priests
  5 gnoll boudas (Bailey)
  2 iguanas (D:3)
  Ijyb (D:3)
  28 orc wizards
  6 hell rats (Lair:3)
  4 spriggan simulacra (IceCv)
  7 troll simulacra (IceCv)
  3 wolf simulacra (IceCv)
  The ghost of p0werm0de the Trooper, a weakling BaCK of Xom (D:3)
  A boggart simulacrum (D:15)
  38 gnolls
  11 adders
  9 naga simulacra (IceCv)
  A shadow imp (D:5)
  15 white imps
  4 ufetubi
  4 dart slugs
  5 ribbon worms
  46 orcs
  4 endoplasms
  5 giant cockroaches
  3 goblins
  5 hobgoblins
  4 jackals
  3 quokkas
  5 ball pythons
  6 bats
  2 frilled lizards
  17 kobolds
  13 rats
  2 tentacles
1348 creatures vanquished.

Vanquished Creatures (collateral kills)
  Rupert (Orc:2)
  A tengu reaver (Vaults:2)
  3 vault wardens (Vaults:2)
  An ironbound preserver (Vaults:2)
  A deep troll (Vaults:2)
  3 orc sorcerers (Orc:2)
  2 orc wizards (Orc:2)
12 creatures vanquished.

Vanquished Creatures (others)
  3 deep elf knights
  A harpy (Shoals:1)
  A deep elf zephyrmancer (Elf:2)
  An ugly thing (Depths:2)
  An orc (Orc:2)
  11 tentacles
18 creatures vanquished.

Grand Total: 1378 creatures vanquished

Notes
Turn   | Place    | Note
-------+----------+-------------------------------------------
     0 | D:1      | vico the Minotaur Berserker began the quest for the Orb.
     0 | D:1      | Reached XP level 1. HP: 19/19 MP: 0/0
   113 | D:1      | Reached XP level 2. HP: 24/27 MP: 1/1
   339 | D:1      | Reached skill level 4 in Fighting
   363 | D:1      | Found a faded altar of an unknown god.
  1103 | D:2      | Reached XP level 3. HP: 33/33 MP: 2/2
  1148 | D:2      | Reached ** piety under Trog
  1285 | D:2      | Identified the +3 robe of the Pleiades {rCorr Int+3}
  1730 | D:3      | Reached XP level 4. HP: 41/41 MP: 3/3
  1769 | D:3      | Reached skill level 5 in Axes
  1820 | D:3      | Found Xoumah's Magic Scroll Emporium.
  1838 | D:3      | Bought a scroll of identify for 26 gold pieces
  1838 | D:3      | Bought a scroll of fog for 52 gold pieces
  1866 | D:3      | Found an opulent altar of Gozag.
  1868 | D:3      | Noticed a black bear
  1873 | D:3      | Found a transporter.
  1880 | D:3      | Found a transporter.
  1881 | D:3      | Noticed a centaur
  1883 | D:3      | Noticed Ijyb
  1904 | D:3      | Killed Ijyb
  1907 | D:3      | Found a transporter.
  1910 | D:3      | Noticed p0werm0de's ghost (weakling BaCK)
  1950 | D:3      | Found a transporter.
  2010 | D:3      | Reached XP level 5. HP: 47/47 MP: 4/4
  2284 | D:4      | Noticed a phantom
  2292 | D:4      | Reached skill level 5 in Fighting
  2305 | D:4      | Killed a phantom
  2328 | D:4      | Reached XP level 6. HP: 39/56 MP: 5/5
  2378 | D:4      | Found an iron altar of Okawaru.
  2470 | D:4      | Reached *** piety under Trog
  2478 | D:4      | Found a glowing drain.
  2497 | Sewer    | Entered a sewer
  2647 | Sewer    | Found a white marble altar of Elyvilon.
  2766 | D:4      | Reached XP level 7. HP: 51/62 MP: 6/6
  2933 | D:4      | Found an ancient bone altar of Kikubaaqudgha.
  2965 | D:4      | Found a white marble altar of Elyvilon.
  3221 | D:5      | Entered Level 5 of the Dungeon
  3268 | D:5      | Reached skill level 5 in Armour
  3544 | D:5      | Found a staircase to the Ecumenical Temple.
  4100 | D:5      | Reached skill level 6 in Fighting
  4623 | D:6      | Reached XP level 8. HP: 68/70 MP: 7/7
  4671 | D:6      | You fall into a shaft and drop 2 floors!
  5034 | D:8      | Reached **** piety under Trog
  5148 | D:8      | Noticed Grum
  5159 | D:8      | Reached skill level 7 in Fighting
  5278 | D:7      | Reached skill level 10 in Axes
  5306 | D:7      | Reached XP level 9. HP: 76/79 MP: 8/8
  5344 | D:7      | Found a shimmering blue altar of Sif Muna.
  5518 | D:7      | Reached skill level 1 in Throwing
  5581 | D:7      | Found a stormy altar of Qazlal.
  5962 | D:6      | Found a glowing silver altar of Zin.
  6039 | D:6      | Reached skill level 1 in Evocations
  6137 | D:6      | Reached ***** piety under Trog
  6222 | D:6      | Noticed Blork the orc
  6227 | D:6      | Reached skill level 8 in Fighting
  6227 | D:6      | Killed Blork the orc
  6640 | D:3      | Bought a scroll of immolation for 52 gold pieces
  6640 | D:3      | Bought a scroll of summoning for 123 gold pieces
  6640 | D:3      | Bought a scroll of enchant armour for 97 gold pieces
  6640 | D:3      | Bought a scroll of poison for 52 gold pieces
  6854 | D:3      | Killed p0werm0de's ghost
  6945 | D:6      | Identified 2 scrolls of acquirement
  6945 | D:6      | Acquired the +12 broad axe of Resumed Hostilities {heavy,
                  | Will+++ Str+2 Dex-4 Stlth+}
  6955 | D:6      | Acquired a +1 kite shield of positive energy
  7095 | D:8      | Killed Grum
  7096 | D:8      | Reached skill level 1 in Shields
  7100 | D:8      | Reached XP level 10. HP: 84/90 MP: 9/9
  7106 | D:8      | Reached skill level 9 in Fighting
  7221 | D:8      | Noticed Jeremiah
  7566 | D:8      | Killed Jeremiah
  8190 | D:9      | Noticed a two-headed ogre
  8195 | D:9      | Killed a two-headed ogre
  8196 | D:9      | Reached skill level 5 in Shields
  8199 | D:9      | Found a flagged portal.
  8264 | Bailey   | Entered a bailey
  8350 | Bailey   | Received a gift from Trog
  8375 | Bailey   | Reached skill level 10 in Fighting
  8448 | Bailey   | Reached XP level 11. HP: 46/99 MP: 10/10
  8467 | Bailey   | Got the Incunabulum of Prime Unhallowed Rituals
  8819 | D:9      | Found a staircase to the Orcish Mines.
  9175 | D:10     | Entered Level 10 of the Dungeon
  9291 | D:10     | Identified the +6 plate armour "Goameirgh" {Str+2}
  9332 | D:10     | Found a bloodstained altar of Trog.
  9401 | D:10     | Found a staircase to the Lair.
  9557 | D:10     | Found a blossoming altar of Fedhas.
  9785 | D:10     | Noticed a two-headed ogre
  9792 | D:10     | Killed a two-headed ogre
  9952 | D:10     | Found an opulent altar of Gozag.
 10252 | D:11     | Noticed a boulder beetle
 10254 | D:11     | Noticed a two-headed ogre
 10258 | D:11     | Killed a boulder beetle
 10260 | D:11     | Killed a two-headed ogre
 10260 | D:11     | Noticed a red ugly thing
 10265 | D:11     | Killed a red ugly thing
 10267 | D:11     | Reached skill level 10 in Shields
 10337 | D:11     | Noticed a two-headed ogre
 10342 | D:11     | Killed a two-headed ogre
 10377 | D:11     | Noticed a boulder beetle
 10383 | D:11     | Killed a boulder beetle
 10384 | D:11     | Reached skill level 11 in Fighting
 10549 | D:11     | Reached skill level 15 in Axes
 10787 | D:11     | Noticed Urug
 10794 | D:11     | Killed Urug
 10795 | D:11     | Reached XP level 12. HP: 104/110 MP: 11/11
 10814 | D:11     | Identified the beast talisman of the Dwarven Hall {Will+}
 11091 | Lair:1   | Entered Level 1 of the Lair of Beasts
 11202 | Lair:1   | Found a frozen archway.
 11234 | IceCv    | Entered an ice cave
 11396 | IceCv    | Reached ****** piety under Trog
 11447 | IceCv    | Noticed a reaper
 11462 | IceCv    | Killed a reaper
 12132 | Lair:1   | Received a gift from Trog
 12144 | Lair:1   | Reached skill level 12 in Fighting
 12876 | Lair:2   | Found a transporter.
 12891 | Lair:2   | Noticed Sonja
 12895 | Lair:2   | Found a transporter.
 12912 | Lair:2   | Killed Sonja
 13541 | Lair:2   | Identified the ring of Xom's Recklessness {Wiz rElec Str+4
                  | Int+3 Dex-4}
 13853 | Lair:2   | Found a staircase to the Snake Pit.
 13967 | Lair:2   | Reached XP level 13. HP: 105/118 MP: 12/12
 14058 | Lair:2   | Found a staircase to the Shoals.
 14675 | Lair:3   | Reached skill level 15 in Shields
 14799 | Lair:3   | Received a gift from Trog
 14966 | Lair:3   | Reached skill level 13 in Fighting
 16052 | Lair:4   | You fall into a shaft and drop 1 floor!
 16052 | Lair:5   | Entered Level 5 of the Lair of Beasts
 16066 | Lair:5   | Reached XP level 14. HP: 115/129 MP: 13/13
 17017 | Lair:5   | Found a viscous altar of Jiyva.
 17127 | Lair:5   | Reached skill level 14 in Fighting
 17188 | Lair:5   | Received a gift from Trog
 17437 | Lair:5   | Reached skill level 15 in Fighting
 17465 | Lair:5   | Identified the +1 fire dragon scales "Rapn" {rElec rPois
                  | rF++ rC- Will- Regen+}
 17534 | Lair:5   | Reached skill level 5 in Evocations
 18142 | Orc:1    | Entered Level 1 of the Orcish Mines
 18167 | Orc:1    | Noticed Snorg
 18172 | Orc:1    | Killed Snorg
 18273 | Orc:1    | Noticed Harold
 18281 | Orc:1    | Killed Harold
 18406 | Orc:2    | Entered Level 2 of the Orcish Mines
 18406 | Orc:2    | Noticed an orc warlord
 18416 | Orc:2    | Killed an orc warlord
 18418 | Orc:2    | Reached skill level 5 in Throwing
 18598 | Orc:2    | Found a staircase to the Elven Halls.
 18676 | Orc:2    | Found Basecseh's Antique Armour Boutique.
 18683 | Orc:2    | Reached skill level 16 in Fighting
 18693 | Orc:2    | Bought a pair of runed gloves for 217 gold pieces
 18693 | Orc:2    | Bought a glowing cloak for 217 gold pieces
 18724 | Orc:2    | Found an ancient bone altar of Kikubaaqudgha.
 18736 | Orc:2    | Received a gift from Trog
 18761 | Orc:2    | Found a radiant altar of Vehumet.
 18826 | Orc:2    | Found Zaogeff's Jewellery Shop.
 18828 | Orc:2    | Noticed Rupert
 18991 | Orc:2    | Killed Rupert
 18992 | Orc:2    | Reached XP level 15. HP: 127/145 MP: 6/14
 19010 | Orc:2    | Found Poinis's Book Shop.
 19101 | Orc:2    | Found Coatzapn's Magic Scroll Shop.
 19108 | Orc:2    | Bought a scroll of teleportation for 51 gold pieces
 19108 | Orc:2    | Bought a scroll of identify for 34 gold pieces
 19156 | Orc:2    | Bought the amulet of Zathyrch {Regen+ SInv} for 535 gold
                  | pieces
 19525 | Elf:1    | Entered Level 1 of the Elven Halls
 19591 | Elf:1    | Found Mesodiga's Antique Weapon Emporium.
 19596 | Elf:1    | Reached skill level 17 in Fighting
 19768 | Elf:1    | Noticed a deep elf sorcerer
 19774 | Elf:1    | Killed a deep elf sorcerer
 19811 | Elf:1    | Found Qenkiokhlo's Antique Weapon Boutique.
 19824 | Elf:1    | Received a gift from Trog
 19869 | Elf:1    | Found Fiym's Book Shop.
 20058 | Elf:1    | Reached skill level 18 in Fighting
 20100 | Elf:1    | Got the Tempter's Folio of Forbidden Fruit
 20777 | Elf:2    | Found a runed translucent door.
 20777 | Elf:2    | Found a shimmering altar of Xom.
 20777 | Elf:2    | Noticed Deughiar's ghost (adept GnSh)
 20778 | Elf:2    | Identified the +4 war axe of Ymmeroempe {chaos, Will+ Int+2
                  | Dex+2}
 20939 | Elf:2    | Received a gift from Trog
 20948 | Elf:2    | Reached skill level 19 in Fighting
 21036 | Elf:2    | Reached XP level 16. HP: 161/161 MP: 15/15
 21073 | Elf:2    | Found a runed translucent gate.
 21073 | Elf:2    | Found a runed translucent gate.
 21073 | Elf:2    | Found a runed translucent gate.
 21506 | Elf:2    | Reached skill level 20 in Fighting
 21525 | Elf:2    | Received a gift from Trog
 21585 | Elf:2    | Noticed a deep elf blademaster
 21596 | Elf:2    | Killed a deep elf blademaster
 22202 | D:12     | Identified the +1 robe of Time Monsters {rCorr}
 22299 | D:12     | Identified the +0 rapier of Ignis's Pride {heavy, rF+ Will-
                  | Str+4 Dex+3}
 22685 | D:12     | Noticed Jorgrun
 22699 | D:12     | Killed Jorgrun
 22908 | D:12     | Found a portal to a secret trove of treasure.
 22984 | D:13     | Reached skill level 10 in Armour
 23049 | D:13     | Found a gate leading to a gauntlet.
 23054 | Gauntlet | Entered a Gauntlet
 23054 | Gauntlet | Found a transporter.
 23062 | Gauntlet | Found a transporter.
 23066 | Gauntlet | Found a transporter.
 23068 | Gauntlet | Found a transporter.
 23083 | Gauntlet | Found a transporter.
 23097 | Gauntlet | Found a transporter.
 23126 | Gauntlet | Found a large runed translucent door.
 23127 | Gauntlet | Found a large runed translucent door.
 23128 | Gauntlet | Found a large runed translucent door.
 23128 | Gauntlet | Found a large runed translucent door.
 23128 | Gauntlet | Found a runed translucent door.
 23128 | Gauntlet | Found a runed translucent door.
 23129 | Gauntlet | Found a large runed translucent door.
 23130 | Gauntlet | Found a large runed translucent door.
 23131 | Gauntlet | Found a large runed translucent door.
 23131 | Gauntlet | Found a large runed translucent door.
 23132 | Gauntlet | Found a runed translucent gate.
 23132 | Gauntlet | Found a runed translucent gate.
 23132 | Gauntlet | Found a runed translucent gate.
 23133 | Gauntlet | Found a large runed translucent door.
 23133 | Gauntlet | Found a large runed translucent door.
 23133 | Gauntlet | Found a large runed translucent door.
 23133 | Gauntlet | Found a large runed translucent door.
 23134 | Gauntlet | Found a large runed translucent door.
 23134 | Gauntlet | Found a large runed translucent door.
 23135 | Gauntlet | Found a large runed translucent door.
 23135 | Gauntlet | Found a large runed translucent door.
 23137 | Gauntlet | Found a transporter.
 23151 | Gauntlet | Found a transporter.
 23160 | Gauntlet | Found a transporter.
 23175 | Gauntlet | Found a transporter.
 23180 | Gauntlet | Found a transporter.
 23201 | Gauntlet | Found a transporter.
 23214 | Gauntlet | Found a transporter.
 23226 | Gauntlet | Found a transporter.
 23238 | Gauntlet | Found a transporter.
 23250 | Gauntlet | Found a transporter.
 23262 | Gauntlet | Found a transporter.
 23279 | Gauntlet | Found a transporter.
 23705 | Gauntlet | Received a gift from Trog
 23787 | Gauntlet | Identified the +0 pair of gloves "Odyrease" {Rampage rF-
                  | rC+}
 23809 | Gauntlet | Identified the +4 broad axe of Freehold {heavy, rElec rPois
                  | Str+4 Int-4}
 23838 | Gauntlet | Got the Omnibus of Support
 24124 | D:13     | Found a sparkling altar of Nemelex Xobeh.
 24754 | D:14     | Reached XP level 17. HP: 172/172 MP: 16/16
 24830 | D:14     | Found a runed translucent gate.
 24830 | D:14     | Found a runed translucent gate.
 24830 | D:14     | Found a runed translucent gate.
 24867 | D:14     | HP: 4/246 [tengu reaver/bolt of negative energy (32)]
 24954 | D:14     | Found a runed translucent gate.
 24954 | D:14     | Found a runed translucent gate.
 24954 | D:14     | Found a runed translucent gate.
 25382 | D:14     | Reached skill level 21 in Fighting
 25437 | D:14     | Found a gate to the Vaults.
 25636 | D:15     | Entered Level 15 of the Dungeon
 25696 | D:15     | Found a staircase to the Depths.
 26103 | D:15     | Found Qaramp's Armour Shoppe.
 26314 | Snake:1  | Entered Level 1 of the Snake Pit
 26370 | Snake:1  | Identified the +0 cloak of Dogmatism {^Drain rPois SInv}
 26374 | Snake:1  | Received a gift from Trog
 27207 | Snake:1  | Found Dicvouth's Weapon Shop.
 27591 | Snake:2  | Reached skill level 10 in Throwing
 27591 | Snake:2  | Reached XP level 18. HP: 143/182 MP: 17/17
 27695 | Snake:2  | Received a gift from Trog
 27717 | Snake:2  | Found Puelij's Weapon Boutique.
 28741 | Snake:4  | Entered Level 4 of the Snake Pit
 28809 | Snake:4  | Found a basalt altar of Yredelemnul.
 28945 | Snake:4  | Received a gift from Trog
 29106 | Snake:4  | Reached skill level 10 in Evocations
 29651 | Snake:4  | Received a gift from Trog
 29731 | Snake:4  | Got a serpentine rune of Zot
 30169 | Vaults:1 | Entered Level 1 of the Vaults
 30205 | Vaults:1 | Reached skill level 22 in Fighting
 30497 | Vaults:1 | Found Cason's General Store.
 30728 | Vaults:1 | Reached XP level 19. HP: 146/192 MP: 18/18
 30791 | Vaults:1 | Found Divoghue's Armour Shop.
 31099 | Vaults:1 | Found Ungaim's Antique Armour Shoppe.
 31787 | Vaults:2 | Noticed Sojobo
 31794 | Vaults:2 | Received a gift from Trog
 31799 | Vaults:2 | HP: 7/193 [freezing wraith (33)]
 31800 | Vaults:2 | Found a staircase to the Crypt.
 31875 | Vaults:2 | Paralysed by an air elemental for 1 turns
 31877 | Vaults:2 | Paralysed by an air elemental for 1 turns
 31882 | Vaults:2 | Killed Sojobo
 31922 | Vaults:2 | Identified the serpent talisman "Byufume" {*Slow Dex+4}
 31922 | Vaults:2 | Noticed Aizul
 31932 | Vaults:2 | Killed Aizul
 31989 | Vaults:2 | Found a flickering gateway to a bazaar.
 31996 | Bazaar   | Entered a bazaar
 31996 | Bazaar   | Found Yduiser's Magic Scroll Boutique.
 31996 | Bazaar   | Found Liesatre's Antique Weapon Boutique.
 32017 | Bazaar   | Found Vyerat's General Store.
 32024 | Bazaar   | Found Fueb Yhotu's Jewellery Shop.
 32026 | Bazaar   | Bought a scroll of blinking for 90 gold pieces
 32026 | Bazaar   | Bought a scroll of blinking for 90 gold pieces
 32033 | Bazaar   | Found Zozegg's General Store.
 32040 | Bazaar   | Bought a scroll of teleportation for 42 gold pieces
 32047 | Bazaar   | Bought a +4 ring of slaying for 1014 gold pieces
 32090 | Bazaar   | Bought a scroll of silence for 66 gold pieces
 32090 | Bazaar   | Bought a scroll of teleportation for 21 gold pieces
 32090 | Bazaar   | Bought a scroll of fog for 28 gold pieces
 32090 | Bazaar   | Bought a scroll of fog for 28 gold pieces
 32090 | Bazaar   | Bought a scroll of fog for 28 gold pieces
 32135 | Vaults:2 | Noticed Norris
 32141 | Vaults:2 | Killed Norris
 32250 | Vaults:2 | Found a runed translucent gate.
 32250 | Vaults:2 | Found a runed translucent gate.
 32251 | Vaults:2 | Found a runed translucent gate.
 32251 | Vaults:2 | Noticed Zotwa's ghost (adept GnSk)
 32251 | Vaults:2 | Noticed Bailed's ghost (veteran MiMo)
 33511 | Shoals:1 | Entered Level 1 of the Shoals
 33659 | Shoals:1 | Identified the +2 hand axe of Defeo {heavy, rElec rC+
                  | Int-3} (Trog gifted it to you on level 1 of the Shoals)
 33659 | Shoals:1 | Received a gift from Trog
 33660 | Shoals:1 | Reached skill level 1 in Shapeshifting
 34374 | Shoals:2 | Identified the +8 battleaxe of the Witching Gods {heavy,
                  | SInv}
 34529 | Shoals:2 | Found a large runed translucent door.
 34540 | Shoals:2 | Found a large runed translucent door.
 34541 | Shoals:2 | Noticed Kaerusk's ghost (adept KoBe)
 34619 | Shoals:2 | Reached skill level 1 in Long Blades
 35023 | Shoals:3 | Found Gunn's Antique Weapon Shop.
 35029 | Shoals:3 | Reached skill level 1 in Short Blades
 35179 | Shoals:3 | Received a gift from Trog
 35225 | Shoals:3 | Reached skill level 5 in Shapeshifting
 35652 | Shoals:4 | Entered Level 4 of the Shoals
 35657 | Shoals:4 | Noticed Roxanne
 35677 | Shoals:4 | Killed Roxanne
 35678 | Shoals:4 | Reached XP level 20. HP: 156/202 MP: 19/19
 35812 | Shoals:4 | Identified the ring "Furhat" {rElec MP+9}
 35842 | Shoals:4 | Noticed Ilsuiw
 35852 | Shoals:4 | Killed Ilsuiw
 36127 | Shoals:4 | Received a gift from Trog
 36161 | Shoals:4 | Got a barnacled rune of Zot
 37013 | Depths:1 | Entered Level 1 of the Depths
 37470 | Depths:1 | Found a one-way gate leading to the halls of Pandemonium.
 37522 | Depths:1 | Found an iron altar of Okawaru.
 37835 | Depths:1 | Found a gateway to Hell.
 38115 | Depths:2 | Reached skill level 10 in Shapeshifting
 38138 | Depths:2 | HP: 5/202 [frost giant simulacrum[a necromancer] (57)]
 38142 | Depths:2 | Demolished by a frost giant simulacrum

Illustrated notes

Levels and vault maps discovered:
D:1:      nagdon_arrival_zigzag_paths, layout_basic,
          shapermc_ecumenical_altar_venn
D:2:      layout_loops_ring
D:3:      layout_loops_ring, gammafunk_temple_overflow_arena,
          gammafunk_ghost_arena, serial_shops, shop, uniq_ijyb
D:4:      layout_basic, mainiacjoe_overflow_concentric_impassable,
          mainiacjoe_overflow_two_lobes,
          mainiacjoe_sewer_entry_somewhere_in_here_2
D:5:      layout_layer_cave, minmay_temple_entry_statues_fountains,
          minmay_misc_feat_rows
D:6:      layout_basic, mainiacjoe_overflow_paths, uniq_blork_the_orc
D:7:      layout_basic, mainiacjoe_overflow_six_doors_small, grunt_qazlal_clouds
D:8:      layout_loops_cross, blue_anna_alchemist, uniq_jeremiah, uniq_grum
D:9:      layout_long_grid, david_orc_3, enter_bailey_8
D:10:     layout_loops_ring, mainiacjoe_overflow_alcove_1,
          mainiacjoe_overflow_small_starburst, lair_entry_dummy,
          roadster_trireme
D:11:     hangedman_cross_stitches, layout_irregular_city, uniq_urug
D:12:     layout_loops_ring, enter_trove_5, beargit_elvish_explorers,
          uniq_jorgrun
D:13:     regret_index_nemelex_summoning_deck_glade, layout_irregular_city,
          gauntlet_entry_generic
D:14:     kennysheep_treasure_stockpile, layout_rooms,
          grunt_vaults_entry_fortified
D:15:     grunt_enter_depths_magical_seal, layout_rooms, serial_shops, shop,
          chequers_arboretum, st_stairs_4, minmay_misc_feat_diagonals
Lair:1:   layout_cave_pods, portal_ice_cave_entry_imps,
          dreamdust_mushroom_princess, grunt_megastairs_4, lemuel_fruit_tree
Lair:2:   gammafunk_worm_tunnel, layout_regular_city,
          minmay_shoals_entry_centaurs, guppyfry_snake_entry_garden, uniq_sonja
Lair:3:   nzn_winding_woodlands_small [nzn_winding_woodlands_5x15_parted,
          nzn_winding_woodlands_center_lodge,
          nzn_winding_woodlands_5x15_crooked], layout_big_grid,
          grunt_megastairs_2
Lair:4:   layout_regular_city
Lair:5:   due_jungle_book, layout_regular_city,
          minmay_slime_entry_oklob_enclosed, gammafunk_lair_bear_cave,
          serial_bayou_shore_a
Shoals:1: layout_shoals
Shoals:2: layout_shoals, ebering_ghost_disaster_area, hangedman_shoal_volcano
Shoals:3: layout_shoals, serial_shops, nicolae_shop_crystal,
          argonaut_gorgonesque
Shoals:4: shoals_end_grunt_ice, layout_shoals, shoals_ilsuiw_ice, uniq_roxanne
Snake:1:  layout_chambers, serial_shops, nicolae_shop_tiny_waterfront,
          nicolae_snake_ghostly_warrior_ritual
Snake:2:  layout_grid_shapes, serial_shops, shop_fountains, nicolae_snake_omega,
          grunt_megastairs_3
Snake:3:  layout_cave_town, nicolae_zig_zag_zippers, grunt_megastairs_5
Snake:4:  snake_pit, layout_cave_town, basic_altar,
          nicolae_snake_gridmaze_spiral, chequers_hall_statues_y
Orc:1:    layout_caves, uniq_snorg, uniq_harold
Orc:2:    kennysheep_orc_mage_school, layout_caves, basic_altar, uniq_rupert
Elf:1:    nicolae_elf_arrival_no_cutting_in_line, layout_onion_city,
          serial_shops, shop, nicolae_diamond_shop,
          nicolae_shop_tiny_statue_garden, hangedman_elf_disciples, pf_eden
Elf:2:    elven_hall_of_blades_hangedman_original [nicolae_blade_little_rooms],
          layout_onion_city, ebering_ghost_xom, grunt_ministairs_5
Vaults:1: nicolae_vaults_trapezoid_lopsided_2, nicolae_vaults_closet_pinwheel_4,
          nicolae_vaults_house_3, nicolae_vaults_closet_pinwheel_6,
          vaults_room_octagon, hangedman_vaults_maws,
          nicolae_vaults_windows_and_doors_thing, nicolae_vaults_rhombus_5,
          nicolae_vaults_trapezoid_lopsided_3, layout_vaults_quadrants,
          serial_shops, shop_fountains, shop, nicolae_shop_statue_plus
Vaults:2: gammafunk_ghost_cemetery, blue_anna_dwarven_crypt, v_misc_19,
          v_misc_16, vaults_room_octagon, vaults_mumra_chevron_long,
          ontoclasm_vaults_pinch, vaults_dpeg_spiral, nicolae_vaults_alarming,
          nicolae_vaults_tetromino_Z_2, nicolae_vaults_closet_pinwheel_3,
          nicolae_vaults_hallways_thing, nicolae_vaults_stepped_doors,
          v_misc_29, nicolae_vaults_tetromino_L_2, hangedman_vaults_capsules,
          layout_vaults_maze, serial_shops, bzr_entry_dummy, uniq_sojobo,
          uniq_aizul, uniq_norris
Depths:1: layout_basic, pf_hell_entry_tar_spiral, pan_entry, lemuel_tele_altar,
          roderic_serpentine_path, kennysheep_generic_room_16
Depths:2: evilmike_halls_of_destruction, layout_basic, enter_ziggurat_b,
          special_room [special_room_magic_class], rand_demon_pan_entry_4,
          pf_vacation_house_of_asmodeus

Skill      XL: |  1  2  3  4  5  6  7  8  9 10 11 12 13 14 15 16 17 18 19 20 |
---------------+-------------------------------------------------------------+-----
Axes           | 4 5 6 7 8 10 12 13 15 16 18 | 18.0
Fighting       | 4 5 6 7 8 10 11 12 13 16 19 20 21 22 | 22.7
Armour         | 3 4 6 8 9 11 12 14 | 14.9
Throwing       | 1 5 7 8 10 11 | 11.7
Evocations     | 3 5 7 8 9 10 11 | 11.0
Shields        | 1 6 11 13 16 17 19 21 | 21.7
Shapeshifting  | 5 10 | 10.2
Long Blades    | 1 |  1.0
Short Blades   | 1 |  1.0
Staves         | |  0.7
Ranged Weapons | |  0.7
Dodging        | |  2.3
Invocations    | |  0.5

Action                     |  1- 3 |  4- 6 |  7- 9 | 10-12 | 13-15 | 16-18 | 19-21 || total
---------------------------+-------+-------+-------+-------+-------+-------+-------++-------
  Melee: Hand axe          |    65 |   133 |   256 |       |       |       |       ||   454
         Headbutt          |    10 |    22 |    71 |    51 |   106 |   170 |   136 ||   566
         Broad axe         |       |       |    10 |   345 |   580 |   800 |   588 ||  2323
  Throw: Dart              |       |       |     3 |     1 |       |       |       ||     4
         Boomerang         |       |       |       |       |       |     6 |     1 ||     7
 Invoke: Trog's Hand       |       |     1 |     1 |     1 |     4 |     5 |     3 ||    15
         Berserk           |       |     1 |       |       |     2 |     2 |     1 ||     6
         Brothers in Arms  |       |       |       |       |     1 |       |     3 ||     4
  Evoke: Wand              |       |       |       |    11 |    19 |     2 |       ||    32
         Lightning rod     |       |       |       |       |       |       |     1 ||     1
         Phial of floods   |       |       |       |       |       |       |     1 ||     1
         Phantom mirror    |       |       |       |       |       |       |     1 ||     1
         Condenser vane    |       |       |       |       |       |       |     1 ||     1
    Use: Scroll            |       |     2 |     9 |     9 |    10 |     4 |     7 ||    41
         Potion            |       |     1 |     1 |     4 |       |       |     7 ||    13
   Stab: Held in net/web   |       |       |       |       |     1 |       |       ||     1
         Sleeping          |       |       |       |       |     1 |     1 |     2 ||     4
         Distracted        |       |       |       |       |       |       |     1 ||     1
 Armour: Animal skin       |     8 |       |       |       |       |       |       ||     8
         Scale mail        |    41 |   112 |    70 |    17 |       |       |       ||   240
         Plate armour      |       |       |    85 |   221 |   157 |       |       ||   463
         Fire dragon scale |       |       |       |       |   144 |   558 |   506 ||  1208
  Dodge: Dodged            |    39 |    61 |   163 |   158 |   154 |   335 |   175 ||  1085
  Block: Kite shield       |       |       |     9 |   245 |       |       |       ||   254
         Reflection        |       |       |       |    28 |     4 |    40 |    35 ||   107
         Tower shield      |       |       |       |   168 |   638 |  1156 |   739 ||  2701
